 Dungeon Crawl Stone Soup version 0.30-a0-347-gf58ed5266c (webtiles) character file.

Game seed: 2869882598485276454

562 Maxmaps the Poker (level 7, -3/50 HPs)
             Began as a Demonspawn Gladiator on Nov 7, 2022.
             Shot with an arrow by a centaur (7 damage)
             ... on level 5 of the Dungeon.
             The game lasted 00:03:48 (2930 turns).

Maxmaps the Poker (Demonspawn Gladiator)            Turns: 2930, Time: 00:03:48

Health: -3/50      AC:  6    Str: 14    XL:     7   Next: 10%
Magic:  7/7        EV: 11    Int: 11    God:
Gold:   218        SH:  0    Dex: 15    Spells: 6/6 levels left

rFire   . . .      SeeInvis .    a - +0 trident
rCold   . . .      Faith    .    (no shield)
rNeg    . . .      Spirit   .    s - +0 ring mail
rPois   .          Reflect  .    c - +0 helmet
rElec   .          Harm     .    (cloak unavailable)
rCorr   .          Rampage  .    (no gloves)
Will    .....                    (no boots)
Stlth   +.........               (no amulet)
HPRegen 0.28/turn                (no ring)
MPRegen 0.10/turn                (no ring)

@: no status effects
A: weakness stinger 3
a: no special abilities


You were on level 5 of the Dungeon.
You visited 1 branch of the dungeon, and saw 5 of its levels.

You collected 218 gold pieces.

Inventory:

Hand Weapons
 a - a +0 trident (weapon)
Missiles
 d - 3 throwing nets (quivered)
 e - a javelin
Armour
 b - a +0 leather armour
 c - a +0 helmet (worn)
 l - a +0 cloak
 s - a +0 ring mail (worn)
Jewellery
 t - a +6 ring of dexterity
Scrolls
 f - 3 scrolls of teleportation {unknown}
 g - 2 scrolls of magic mapping {unknown}
 h - 6 scrolls of identify {unknown}
 j - 3 scrolls of fear {unknown}
 k - 3 scrolls of amnesia {unknown}
 m - a scroll of summoning {unknown}
 n - 5 scrolls of immolation {unknown}
 o - a scroll of enchant armour {unknown}
 p - a scroll of butterflies {unknown}
 q - a scroll of poison {unknown}
Potions
 r - a potion of mutation {unknown}
 u - a potion of haste {unknown}


   Skills:
 + Level 2.0 Fighting
 - Level 7.5 Polearms
 - Level 1.7 Throwing
 - Level 2.6 Dodging


You had 6 spell levels left.
You didn't know any spells.
Your spell library contained the following spells:

 Spells                   Type           Power      Damage    Failure   Level
 Shock                    Conj/Air       0%         1d3       58%         1
 Call Canine Familiar     Summ           0%         N/A       91%         3
 Ozocubu's Armour         Ice            0%         N/A       91%         3
 Portal Projectile        Hex/Tloc       0%         N/A       91%         3
 Swiftness                Air            0%         N/A       91%         3
 Airstrike                Air            0%         2d(0-16)  100%        4
 Leda's Liquefaction      Hex/Erth       0%         N/A       100%        4
 Alistair's Intoxication  Tmut/Pois      0%         N/A       100%        5
 Borgnjor's Vile Clutch   Necr/Erth      0%         N/A       100%        5
 Eringya's Noxious Bog    Tmut/Pois      0%         N/A       100%        6
 Ozocubu's Refrigeration  Ice            0%         4d7       100%        7


Dungeon Overview and Level Annotations

Branches:
Dungeon (5/15)
 Temple: D:4-7

Altars:
Gozag
Ru
Uskayaw


Innate Abilities, Weirdness & Mutations

You have a sharp stinger which inflicts weakening toxins.


Message History

You closely miss the gnoll. You tail-slap the gnoll.
You kill the gnoll!
The gnoll misses you. The gnoll hits you with a +0 spear.
Items here: ))) ††.
You barely miss the gnoll.
The gnoll is lightly wounded.
The gnoll barely misses you.
You hit the gnoll.
The gnoll is heavily wounded.
The gnoll hits you with a +0 spear!
You completely miss the gnoll. You tail-slap the gnoll.
You kill the gnoll!
You see here a +0 spear.
Items here: ))) ††.
t - a +6 ring of dexterity A centaur comes into view.
The centaur shouts!
The centaur wields a +0 shortbow.
The centaur shoots an arrow.
The arrow hits you!
You hear a shout!
A centaur is nearby!
A centaur is nearby!
An ufetubus comes into view.
The ufetubus shouts!
The centaur shoots an arrow.
The arrow hits you but does no damage.
The centaur shoots an arrow.
The arrow hits you!
The centaur shoots an arrow.
The arrow hits you! The ufetubus closely misses you. The ufetubus misses you.
The centaur shoots an arrow.
The arrow hits you!
* * * LOW HITPOINT WARNING * * *
The centaur shoots an arrow.
The arrow hits you.
* * * LOW HITPOINT WARNING * * *
The ufetubus hits you.
* * * LOW HITPOINT WARNING * * *
The ufetubus barely misses you.
It was a potion of magic.
Magic courses through your body.
The ufetubus hits you but does no damage. x2
The centaur shoots an arrow.
The arrow hits you!
You die...

#.#########
##.# ##)##
###
#.)##...#
##.#)....#
#..#.....#
##.###....#
######.##
...##
#c.@...#
#..#
#...5.##
#.#
#####..# ##
#..# ...#
.... ......
.......


You could see a centaur and an ufetubus.

Vanquished Creatures
  Sigmund (D:4)
  A necrophage (D:4)
  2 hounds
  A gnoll bouda (D:5)
  3 orc wizards
  5 gnolls
  5 adders
  2 dart slugs
  14 orcs
  7 endoplasms
  A giant cockroach (D:3)
  11 goblins
  7 hobgoblins
  A quokka (D:3)
  6 ball pythons
  3 bats
  4 frilled lizards
  6 kobolds
  5 rats
85 creatures vanquished.

Notes
Turn   | Place    | Note
-------+----------+-------------------------------------------
     0 | D:1      | Maxmaps the Demonspawn Gladiator began the quest for the
                  | Orb.
     0 | D:1      | Reached XP level 1. HP: 16/16 MP: 1/1
    31 | D:1      | Reached skill level 3 in Polearms
   159 | D:1      | Found a faded altar of an unknown god.
   274 | D:1      | Gained mutation: You have a small tail. [demonic ancestry]
   274 | D:1      | Reached XP level 2. HP: 22/22 MP: 2/2
   763 | D:2      | Reached XP level 3. HP: 27/27 MP: 3/3
  1111 | D:2      | Reached skill level 4 in Polearms
  1457 | D:3      | Reached XP level 4. HP: 27/33 MP: 4/4
  1498 | D:3      | Found a hide-covered altar of Uskayaw.
  1585 | D:3      | Found an opulent altar of Gozag.
  1623 | D:3      | Reached skill level 5 in Polearms
  1914 | D:4      | Noticed Sigmund
  1930 | D:3      | Gained mutation: You have a tail ending in a sharp stinger.
                  | [demonic ancestry]
  1930 | D:3      | Reached XP level 5. HP: 33/38 MP: 5/5
  2104 | D:4      | Identified the +6 whip of the Final Chapter {pain, rF++
                  | Will- Dex+6}
  2116 | D:4      | Killed Sigmund
  2117 | D:4      | Reached skill level 6 in Polearms
  2117 | D:4      | Reached XP level 6. HP: 33/44 MP: 6/6
  2285 | D:4      | Found a sacrificial altar of Ru.
  2385 | D:4      | Reached skill level 7 in Polearms
  2706 | D:5      | Entered Level 5 of the Dungeon
  2831 | D:5      | Gained mutation: You have a sharp stinger which inflicts
                  | weakening toxins. [demonic ancestry]
  2831 | D:5      | Reached XP level 7. HP: 27/50 MP: 7/7
  2930 | D:5      | Shot with an arrow by a centaur

Illustrated notes

Levels and vault maps discovered:
D:1:      erik_arrival_orb_chamber, layout_loops_ring,
          ebering_ecumenical_altar_mist
D:2:      layout_basic, basic_altar
D:3:      layout_basic, overflow_temple_1_default, mainiacjoe_overflow_alcove_4,
          grunt_ministairs_14
D:4:      layout_gridville, nicolae_ru_great_annihilating_truth, uniq_sigmund
D:5:      layout_cave_pods, lemuel_tele_altar, serial_shops,
          nicolae_shop_crystal, glass_columns_b, nicolae_alphabet_shops

Skill      XL: |  1  2  3  4  5  6 |
---------------+-------------------+-----
Polearms       | 3 4 5 6 7 |  7.5
Fighting       | |  2.0
Throwing       | |  1.7
Dodging        | |  2.6

Action                   |  1- 3 |  4- 6 |  7- 9 || total
-------------------------+-------+-------+-------++-------
Melee: Trident           |   115 |   170 |    17 ||   302
       Tailslap          |     7 |    18 |     4 ||    29
       Punch             |       |     1 |       ||     1
  Use: Potion            |     1 |     3 |     2 ||     6
 Stab: Sleeping          |     2 |       |       ||     2
       Paralysed         |       |     2 |       ||     2
Armor: Leather armour    |    24 |       |       ||    24
       Ring mail         |       |    55 |     5 ||    60
       Skin              |       |    13 |       ||    13
Dodge: Dodged            |    60 |    99 |    14 ||   173

Table legend: (Time is in decaauts)
 A = Elapsed time spent in this place.
 B = Non-inter-level travel time spent in this place.
 C = Inter-level travel time spent in this place.
 D = Time resting spent in this place.
 E = Time spent auto-exploring this place.
 F = Levels seen in this place.
 G = Mean time per level.
                   A        B        C        D        E       F      G
               +--------+--------+--------+--------+--------+-----+--------+
         Total |   2947 |   2860 |     87 |    268 |   1957 |   5 |  589.4 |
       Dungeon |   2947 |   2860 |     87 |    268 |   1957 |   5 |  589.4 |
               +--------+--------+--------+--------+--------+-----+--------+

Top non-repeatable levels by time:
     D:3: 898 daAuts
     D:1: 759 daAuts
     D:4: 618 daAuts
     D:2: 449 daAuts
     D:5: 221 daAuts
